 Dungeon Crawl Stone Soup version 0.26.1-11-gd32895ea62 (webtiles) character file.

Game seed: 12985860956935468899

72 Gerhazo the Conjurer (level 4, -4/33 HPs)
             Began as a Draconian Conjurer on June 5, 2021.
             Slain by an ogre
             ... wielding a +0 giant club
              (16 damage)
             ... on level 4 of the Dungeon.
             The game lasted 00:01:07 (1720 turns).

Gerhazo the Conjurer (Draconian Conjurer)           Turns: 1720, Time: 00:01:08

Health: -4/33      AC:  5    Str:  9    XL:     4   Next: 6%
Magic:  4/8        EV: 12    Int: 20    God:
Gold:   36         SH:  0    Dex:  9    Spells: 5/8 levels left

rFire    . . .     SeeInvis .   f - +0 club
rCold    . . .     Faith    .   (no shield)
rNeg     . . .     Spirit   .   (armour unavailable)
rPois    +         Reflect  .   (helmet restricted)
rElec    .         Harm     .   (no cloak)
rCorr    +         Rampage  .   (no gloves)
Will     .....                  (no boots)
Stlth    ++........             (no amulet)
HPRegen  0.11/turn              g - ring of poison resistance
MPRegen  0.11/turn              h - ring of resist corrosion

@: no status effects
A: unfitting armour, cold-blooded, AC +5
a: no special abilities


You were on level 4 of the Dungeon.
You visited 1 branch of the dungeon, and saw 4 of its levels.

You collected 36 gold pieces.

Inventory:

Hand Weapons
 f - a +0 club (weapon)
Jewellery
 g - a ring of poison resistance (left hand)
 h - a ring of resist corrosion (right hand)
Wands
 j - a wand of paralysis (3)
Scrolls
 a - a scroll of enchant weapon {unknown}
 b - 3 scrolls of enchant armour {unknown}
 c - 5 scrolls of remove curse {unknown}
 e - a scroll of identify {unknown}
 k - a scroll of blinking {unknown}
Potions
 d - 2 potions of might {unknown}
 i - a potion of brilliance {unknown}
 l - a potion of attraction {unknown}


   Skills:
 - Level 1.7 Dodging
 - Level 1.7 Stealth
 + Level 2.8 Spellcasting
 * Level 5.1 Conjurations


You had 5 spell levels left.
You knew the following spells:

 Your Spells              Type           Power        Failure   Level
a - Magic Dart            Conj           92%          1%          1
b - Searing Ray           Conj           46%          2%          2

Your spell library contained the following spells:

 Spells                   Type           Power        Failure   Level
 Dazzling Flash           Conj/Hex       26%          16%         3
 Fulminant Prism          Conj/Hex       6%           45%         4
 Iskenderun's Mystic Bla  Conj/Tloc      13%          45%         4


Dungeon Overview and Level Annotations

Branches:
Dungeon (4/15)
 Temple: D:4-7

Altars:


Innate Abilities, Weirdness & Mutations

Your plain brown scales are hard. (AC +5)
You cannot fit into any form of body armour.
You are cold-blooded and may be slowed by cold attacks.


Message History

l - a lumpy emerald potion You open the door.
There is an open door here.
You open the door.
There is an open door here.
As you open the door, it creaks loudly!
There is an open door here.
Found an escape hatch in the floor.
Found a stone staircase leading up.
An ogre comes into view. It is wielding a +0 giant club.
The searing ray hits the ogre!
The ogre is moderately wounded. (Press . to maintain the ray.)
The searing ray hits the ogre.
The ogre is heavily wounded.
The ogre hits you with a +0 giant club!!
Ouch! That really hurt!
The searing ray hits the ogre.
The ogre is severely wounded.
The ogre hits you with a +0 giant club!
You die...

#..............
####..............
#.................
#.#############...
#.# #... #.# #...
#.# #... #.# ##...
#@# #..##
#.O...... ##...
###...... #...
#...#. #... ####
#... ##### #....
#.... ####....


You could see an ogre.

Vanquished Creatures
  A howler monkey (D:4)
  3 dart slugs (D:1)
  A ball python (D:1)
  6 bats
  2 goblins (D:1)
  2 hobgoblins (D:1)
  4 kobolds
  5 frilled lizards (D:1)
  4 rats
28 creatures vanquished.

Notes
Turn   | Place    | Note
-------+----------+-------------------------------------------
     0 | D:1      | Gerhazo the Draconian Conjurer began the quest for the Orb.
     0 | D:1      | Reached XP level 1. HP: 14/14 MP: 3/3
   233 | D:1      | Reached XP level 2. HP: 16/20 MP: 0/5
  1075 | D:1      | Reached XP level 3. HP: 26/26 MP: 3/6
  1320 | D:2      | Learned a level 2 spell: Searing Ray
  1521 | D:4      | Reached skill level 5 in Conjurations
  1521 | D:4      | Reached XP level 4. HP: 33/33 MP: 2/8
  1717 | D:4      | Noticed an ogre
  1720 | D:4      | Slain by an ogre

Illustrated notes

Levels and vault maps discovered:
D:1:      eino_arrival_cavern_b, layout_basic
D:2:      layout_loops_ring, fiery_altar_vehumet, overflow_temple_1_default,
          hangedman_decor_points
D:3:      layout_basic, lemuel_crystal_altar
D:4:      layout_gridville, marbit_many_paths, gammafunk_ghost_cemetery,
          minmay_misc_feat_tower

Skill      XL: |  1  2  3 |
---------------+----------+-----
Conjurations   | 5 |  5.1
Dodging        | |  1.7
Stealth        | |  1.7
Spellcasting   | |  2.8

Action                   |  1- 3 |  4- 6 || total
-------------------------+-------+-------++-------
Melee: Unarmed           |     9 |       ||     9
       Tailslap          |     1 |       ||     1
 Cast: Magic Dart        |    42 |       ||    42
       Searing Ray       |     5 |     1 ||     6
Armor: Skin              |     3 |       ||     3
Dodge: Dodged            |    13 |       ||    13
